Map: Shrines of Lizul

Players

Cthulhu - Winner!

  • Race: Terran Terran
  • Spawn Location: 12:00

Throwfordays - Winner!

  • Race: Protoss Protoss
  • League: Silver
  • Spawn Location: 3:00

Dingus

  • Race: Terran Terran
  • League: Silver
  • Spawn Location: 6:00

Bones

  • Race: Terran Terran
  • League: Silver
  • Spawn Location: 9:00

VOD

Have the link to the VOD?

Description

Time

  • Played on: Feb. 13, 2019, 9:37 p.m.
  • Length: 11:23
Show
View Real Time Build Order
Export as new Build Order

Cthulhu Terran - Winner!

Build Orders:  

Get SALT Encoding   

  12  0:00  SCV  
  13  0:12  SCV  
  14  0:20  Supply Depot  
  14  0:28  SCV  
  15  0:42  Refinery  
  15  0:43  SCV  
  15  0:45  Barracks  
  16  0:55  SCV  
  17  1:03  Barracks  
  17  1:07  SCV  
  18  1:13  Refinery  
  18  1:19  SCV  
  19  1:31  SCV  
  20  1:35  Supply Depot  
  20  1:36  Reaper  
  21  1:48  Orbital Command  
  21  1:56  Reaper  
  22  2:08  Reaper  
  23  2:19  SCV  
  24  2:28  Reaper, Barracks  
  25  2:48  Reaper  
  26  2:57  SCV  
  26  3:00  Reaper  
  27  3:09  Supply Depot  
  27  3:10  SCV  
  27  3:11  Factory  
  28  3:14  Engineering Bay  
  28  3:33  Marine x2, Command Center  
  28  3:34  Marine  
  28  3:58  SCV  
  28  4:00  Factory Tech Lab  
  29  4:20  Marine x2  
  29  4:21  Marine  
  29  4:22  Widow Mine  
  34  4:59  Orbital Command  
  34  5:09  Command Center  
  34  5:22  SCV  
  34  5:24  Barracks Tech Lab  
  35  5:30  Siege Tank  
  35  5:32  SCV, Barracks Tech Lab  
  35  5:34  SCV  
  40  5:39  Barracks Tech Lab  
  40  5:44  SCV  
  41  5:55  Combat Shield  
  41  5:59  Missile Turret  
  41  6:00  Missile Turret  
  41  6:01  Missile Turret  
  41  6:04  Marine, SCV x2  
  41  6:05  Marine x2  
  41  6:06  Concussive Shells  
  41  6:08  Siege Tank  
  49  6:13  Missile Turret  
  49  6:17  Stimpack  
  44  7:07  SCV x2  
  44  7:08  Marauder x3  
  52  7:10  Siege Tank  
  55  7:19  Sensor Tower  
  50  7:40  Marine x3  
  48  7:51  Missile Turret  
  48  7:52  Missile Turret  
  48  7:58  Marine x2  
  43  8:02  Marine  
  41  8:16  Marine  
  35  8:41  Orbital Command  
  35  8:45  Orbital Command  
  35  8:47  Marine x2, Marauder  
  38  9:02  SCV  
  39  9:05  Marine  
  40  9:14  SCV  
  41  9:17  SCV  
  42  9:29  SCV  
  43  9:39  SCV x2  
  43  9:40  Marine, Marauder  
  43  9:41  SCV, Marauder  
  43  9:42  Siege Tank  
  54  9:49  Starport  
  54  9:50  Starport  
  54  9:52  Ghost Academy  
  54  9:58  Marine, Ghost Academy  
  55  10:01  Marine  
  56  10:15  Widow Mine  
  50  10:33  Marine x2, SCV x3  
  50  10:34  Marine  
  50  10:35  Viking x2  
  50  10:38  Missile Turret  
  50  10:41  Missile Turret  
  50  10:51  Marine  
  50  10:52  Missile Turret  
  50  10:56  Missile Turret  
Show
View Real Time Build Order
Export as new Build Order

Throwfordays Protoss - Winner!

Build Orders: Cannon Rush 

Get SALT Encoding   

  12  0:00  Probe  
  13  0:15  Pylon  
  13  0:33  Forge  
  13  0:53  Pylon  
  13  1:11  Photon Cannon  
  13  1:18  Pylon  
  13  1:38  Photon Cannon  
  13  1:40  Photon Cannon  
  13  1:52  Pylon  
  13  1:55  Pylon  
  13  2:02  Photon Cannon  
  13  2:13  Photon Cannon  
  13  2:27  Photon Cannon  
  13  3:01  Pylon  
  13  3:08  Probe  
  13  3:09  Pylon  
  14  3:16  Pylon  
  14  3:21  Probe  
  15  3:30  Photon Cannon  
  15  3:33  Probe  
  16  3:45  Probe  
  16  3:57  Photon Cannon, Probe  
  16  3:59  Photon Cannon  
  17  4:19  Gateway  
  17  4:22  Assimilator  
  17  4:26  Assimilator  
  17  4:54  Photon Cannon  
  17  5:34  Nexus  
  17  5:48  Probe  
  17  5:49  Cybernetics Core  
  18  5:52  Photon Cannon  
  18  5:58  Pylon  
  18  6:03  Probe  
  19  6:15  Probe  
  20  6:26  Photon Cannon  
  20  6:28  Photon Cannon, Probe  
  21  6:41  Probe  
  21  6:45  Pylon  
  22  6:53  Probe  
  23  6:59  Probe  
  23  7:07  Probe  
  24  7:11  Stargate  
  24  7:14  Assimilator  
  25  7:17  Probe  
  25  7:18  Assimilator  
  26  7:29  Probe  
  27  7:41  Probe  
  28  7:45  Void Ray  
  28  7:46  Probe  
  29  7:53  Probe  
  35  7:58  Probe  
  35  8:07  Probe x2  
  37  8:15  Probe  
  37  8:19  Probe  
  39  8:24  Probe  
  39  8:30  Photon Cannon  
  39  8:31  Probe  
  41  8:37  Probe  
  42  8:43  Probe  
  43  8:49  Probe  
  43  8:53  Void Ray  
  43  8:55  Probe  
  49  9:11  Probe  
  49  9:17  Stargate  
  50  9:23  Probe  
  51  9:33  Void Ray  
  55  9:50  Void Ray  
  55  10:01  Stargate  
  59  10:08  Void Ray  
  63  10:30  Nexus  
  63  10:33  Void Ray  
  79  11:20  Fleet Beacon  
Show
View Real Time Build Order
Export as new Build Order

Dingus Terran 

Build Orders:  

Get SALT Encoding   

  12  0:45  Command Center  
  12  0:53  SCV  
  12  0:54  Refinery  
  13  1:06  SCV  
  13  1:10  Engineering Bay  
  14  1:18  SCV  
  14  2:14  Planetary Fortress  
  14  2:21  Refinery  
  9  3:04  SCV  
  10  3:14  Supply Depot  
  10  3:16  SCV  
  11  3:22  Engineering Bay  
  11  3:24  Missile Turret  
  11  3:28  SCV  
  12  3:40  SCV  
  13  3:53  SCV  
  14  4:05  SCV  
  10  5:03  SCV  
  10  5:06  Barracks  
  11  5:15  SCV  
  12  5:27  SCV  
  13  5:39  SCV  
  14  5:44  Refinery  
  14  5:48  SCV  
  15  5:52  SCV  
  15  5:54  Refinery  
  16  6:00  SCV  
  16  6:04  SCV  
  18  6:16  SCV  
  17  6:28  SCV  
  16  6:40  SCV  
  16  6:42  Factory  
  4  8:29  SCV  
  5  9:19  SCV  
Show
View Real Time Build Order
Export as new Build Order

Bones Terran 

Build Orders:  

Get SALT Encoding   

  12  0:01  SCV  
  13  0:13  SCV  
  14  0:21  Supply Depot  
  14  0:25  SCV  
  15  0:43  SCV  
  15  0:45  Barracks  
  16  0:54  Barracks  
  16  0:55  SCV  
  17  1:04  Refinery  
  17  1:07  SCV  
  18  1:20  SCV  
  19  1:25  Refinery  
  19  1:32  SCV  
  20  1:33  Marine  
  20  1:34  Supply Depot  
  21  1:41  Marine  
  21  1:44  SCV  
  23  1:56  Marine  
  23  1:58  Marine  
  25  2:08  Factory  
  25  2:16  Marine  
  25  2:17  Marine  
  27  2:23  SCV  
  28  2:35  SCV  
  29  2:41  Marine  
  29  2:42  Marine  
  31  3:01  Starport  
  31  3:04  Starport  
  31  3:06  Factory Tech Lab  
  31  3:07  Barracks Tech Lab  
  31  3:16  Supply Depot  
  31  3:21  Barracks Reactor  
  31  3:45  SCV  
  31  3:46  Starport Tech Lab  
  31  3:47  Starport Tech Lab  
  31  3:48  Siege Tank  
  35  3:57  SCV  
  35  4:00  Marauder  
  38  4:09  Supply Depot  
  38  4:31  Banshee x2  
  41  5:04  Siege Tank  
  41  5:05  Cloaking Field  
  39  5:17  Banshee  
  39  5:20  Marine x2, Marauder  
  45  5:38  Marine x2  
  47  6:03  Command Center  
  47  6:05  Engineering Bay  
  47  6:09  Supply Depot  
  47  6:31  Banshee  
  50  7:14  Fusion Core  
  31  8:42  Battlecruiser  
  31  8:43  Battlecruiser  
  31  8:47  Marine x2  
  43  8:56  Missile Turret  
  42  9:05  Marine x2  
  43  9:11  Cyclone  
  43  9:14  Weapon Refit  
  46  9:20  SCV, Starport  
  46  9:23  Marine x2  
  49  9:32  SCV  
  50  9:40  Marine  
  50  9:41  Marine  
  50  9:44  SCV, Missile Turret  
  53  9:46  Marine  
  54  9:56  SCV  
  54  9:58  Marine x2  
  57  10:03  Orbital Command  
  57  10:08  SCV  
  58  10:20  SCV  
  50  10:46  Starport Tech Lab  
  50  10:48  SCV  
  57  10:50  Refinery  
  57  10:52  Refinery  
  48  11:00  SCV  
Tags
 
Add a new tag
Caveats
  • Supply blocks, unpowered buildings, or Contaminate may cause inaccurate times.
  • Supply counts are checked every 10 seconds.